 Dungeon Crawl Stone Soup version 0.19.3-4-gbf9329e (webtiles) character file.

15625 Megalobster the Cleaver (level 12, -9/169 HPs)
             Began as a Minotaur Berserker on Jan 26, 2017.
             Was an Elder of Trog.
             Mangled by a seven-headed hydra (15 damage)
             ... on level 2 of the Lair of Beasts on Jan 27, 2017.
             The game lasted 01:14:43 (13433 turns).

Megalobster the Cleaver (Minotaur Berserker)       Turns: 13433, Time: 01:14:44

Health: -9/169     AC:  8    Str: 31    XL:     12   Next: 2%
Magic:  0/13       EV: 12    Int:  4    God:    Trog [****..]
Gold:   491        SH:  6    Dex: 17    Spells: 0 memorised, 11 levels left

rFire  . . .     SeeInvis .     V - +2 trident (venom)
rCold  . . .     Gourm    .     p - +1 leather armour {rPois}
rNeg   . . .     Faith    .     W - +0 buckler
rPois  +         Spirit   +     (helmet restricted)
rElec  .         Reflect  .     f - +0 cloak
rCorr  .         Harm     .     (no gloves)
MR     +++..                    w - +0 pair of boots
Stlth  ..........               S - amulet of guardian spirit
                                s - ring of protection from magic
                                N - +6 ring of dexterity

@: berserking, regenerating, very quick
A: retaliatory headbutt, horns 2
a: Berserk, Trog's Hand, Brothers in Arms, Burn Spellbooks, Renounce Religion


You were on level 2 of the Lair of Beasts.
You worshipped Trog.
Trog was greatly pleased with you.
You were very hungry.

You visited 2 branches of the dungeon, and saw 12 of its levels.

You collected 870 gold pieces.
You spent 379 gold pieces at shops.

Inventory:

Hand Weapons
 a - a +1 war axe of chopping
 b - a +0 hunting sling
 V - a +2 trident of venom (weapon)
 X - a +0 battleaxe
Missiles
 h - 190 sling bullets
 t - 441 stones
 L - 2 tomahawks of returning (quivered)
Armour
 f - a +0 cloak (worn)
 p - a +1 leather armour of poison resistance (worn)
 w - a +0 pair of boots (worn)
 y - a +0 plate armour
 J - a +1 leather armour of cold resistance
 K - a +1 chain mail of magic resistance
 W - a +0 buckler (worn)
Jewellery
 o - an uncursed ring of positive energy
 s - a ring of protection from magic (right hand)
 G - an uncursed ring of magical power
 N - a +6 ring of dexterity (left hand)
 P - an uncursed ring of ice
 S - an amulet of guardian spirit (around neck)
 U - an uncursed ring of flight
Wands
 i - a wand of digging (18/24)
 k - a wand of flame (5/48)
 M - a wand of confusion (25/48)
 R - a wand of iceblast (2/15)
 T - a wand of paralysis (15/24)
 Y - a wand of digging (11/24)
Scrolls
 n - 5 scrolls of recharging
 q - 3 scrolls of remove curse
 v - 3 scrolls of enchant armour
 x - a scroll of summoning {unknown}
 A - 2 scrolls of immolation
 B - 2 scrolls of magic mapping
 C - 2 scrolls of blinking
 E - 3 scrolls of identify
 F - 5 scrolls of teleportation
 H - 4 scrolls of enchant weapon
Potions
 d - 4 potions of curing
 e - 6 potions of heal wounds
 m - a potion of lignification
 r - a potion of agility
 u - 2 potions of flight
 z - a potion of brilliance
 I - 2 potions of cancellation
Miscellaneous
 D - a sack of spiders
Comestibles
 c - 5 bread rations
 g - 6 meat rations
 j - 4 chunks of flesh
 l - 8 fruits
 Q - 7 beef jerkies


   Skills:
 * Level 12.7 Fighting
 * Level 14.9 Axes
 - Level 4.5 Slings
 + Level 9.9 Armour
 - Level 2.1 Dodging
 + Level 5.3 Shields
 + Level 2.6 Evocations


You had 11 spell levels left.
You didn't know any spells.

Dungeon Overview and Level Annotations

Branches:
Dungeon (10/15)            Temple (0/1) D:4            Lair (2/6) D:9
    Orc (0/2) D:10
  Swamp: Lair:2-4    Shoals: Lair:2-4     Snake: Lair:2-4    Spider: Lair:2-4

Altars:
Cheibriados
Fedhas
Gozag
Nemelex Xobeh
Ru
Sif Muna
Trog
Vehumet
Xom
Zin
The Shining One

Shops:
D:4 :(*   D:8 *[*%(   D:10 !


Innate Abilities, Weirdness & Mutations

You reflexively headbutt those who attack you in melee.
You have a pair of horns on your head.


Message History

The seven-headed hydra bites you!
* * * LOW HITPOINT WARNING * * *
You block the seven-headed hydra's attack.
The seven-headed hydra bites you.
* * * LOW HITPOINT WARNING * * *
The seven-headed hydra bites you!
* * * LOW HITPOINT WARNING * * *
The seven-headed hydra bites you but does no damage.
You block the seven-headed hydra's attack.
The seven-headed hydra bites you!
* * * LOW HITPOINT WARNING * * *
A red film seems to cover your vision as you go berserk!
You feel yourself moving faster!
You feel mighty!
You are feeling very hungry.
The seven-headed hydra bites you but does no damage. x2
The seven-headed hydra closely misses you.
The seven-headed hydra bites you.
* * * LOW HITPOINT WARNING * * *
The seven-headed hydra bites you!
You die...

............#..
..##. #...
................P#
.# . ..##..
#..###.......#...#
...#........ ..##
##.....###..####.#
....... ..#
##..#..###...#...
....#... ..#
##.......P......#
...###>. .##
#..............# ...
##.
P#####...........D##
.< #P.
##..#......#....@..#
###
.#....##..####..####
# ##.####...P#####.#
# ### ###..#.##..# #
###..#..#.# ..
##..####.# . ##.# ##
###


You could see a seven-headed hydra.

Vanquished Creatures
  The ghost of Atlantean the Protected, a novice MiFi of Okawaru (D:10)
  A death yak (Lair:2)
  A hill giant (D:10)
  Pikel (D:8)
  A torpor snail (Lair:2)
  The ghost of Megalobster the Cleaver, a novice MiBe of Trog (D:4)
  A gargoyle (D:10)
  Joseph (D:8)
  6 spiny frogs
  Psyche (D:8)
  A komodo dragon (Lair:2)
  A rime drake (Lair:2)
  Grinder (D:4)
  2 trolls (D:10)
  3 two-headed ogres (D:10)
  3 hippogriffs
  A wyvern (Lair:2)
  3 yaks (Lair:1)
  Grum (D:10)
  A hungry ghost (D:8)
  5 water moccasins (Lair:1)
  A porcupine (Lair:2)
  2 orc warriors
  4 ice beasts
  4 phantoms
  A sky beast (D:9)
  A black bear (D:10)
  2 slaves (D:8)
  14 wolves
  4 centaurs
  2 ogres
  3 crocodiles
  2 big kobolds
  7 bullfrogs
  A wyvern zombie (D:10)
  2 scorpions
  2 water moccasin skeletons
  8 killer bees
  A howler monkey (D:7)
  A crimson imp (D:10)
  2 centaur zombies
  A jelly (D:7)
  A quasit (D:8)
  9 orc priests
  A hound (D:7)
  An iron imp (D:5)
  2 bullfrog skeletons
  A gnoll shaman (D:7)
  Jessica (D:2)
  14 orc wizards
  Terence (D:2)
  An iguana (D:8)
  6 worker ants
  A hound skeleton (D:4)
  4 worker ant zombies
  11 gnolls
  9 adders
  3 shadow imps (D:5)
  2 adder zombies
  An adder skeleton (D:9)
  4 worms
  6 dart slugs
  6 leopard geckos
  55 orcs
  3 ball pythons
  2 giant cockroaches (D:1)
  9 goblins
  7 hobgoblins
  10 jackals
  20 kobolds
  8 quokkas
  6 bats
  8 frilled lizards
  A jackal zombie (D:5)
  A quokka skeleton (D:6)
  2 quokka zombies
  10 rats
  2 plants (Lair:2)
331 creatures vanquished.

Vanquished Creatures (collateral kills)
  A death yak (Lair:2)
  A spiny frog (Lair:2)
  Prince Ribbit (D:7)
  An ogre (D:10)
  A bullfrog (Lair:1)
  A gnoll sergeant (D:7)
  A gnoll shaman (D:7)
  5 gnolls (D:7)
12 creatures vanquished.

Vanquished Creatures (others)
  An ice beast (D:8)
  A bullfrog (D:8)
  An iguana (D:8)
  A fungus (Lair:2)
  5 toadstools (D:1)
9 creatures vanquished.

Grand Total: 352 creatures vanquished

Notes
Turn   | Place    | Note
-------+----------+-------------------------------------------
     0 | D:1      | Megalobster the Minotaur Berserker began the quest for the Orb.
     0 | D:1      | Reached XP level 1. HP: 19/19 MP: 0/0
   144 | D:1      | Reached skill level 4 in Axes
   146 | D:1      | Reached XP level 2. HP: 24/27 MP: 1/1
   683 | D:1      | Reached XP level 3. HP: 34/34 MP: 2/2
   862 | D:2      | Reached ** piety under Trog
   879 | D:2      | Found a radiant altar of Vehumet.
   886 | D:2      | Noticed Jessica
   896 | D:2      | Killed Jessica
  1117 | D:2      | Reached skill level 5 in Axes
  1147 | D:2      | Found a glowing golden altar of the Shining One.
  1166 | D:2      | Reached XP level 4. HP: 41/41 MP: 3/3
  1346 | D:2      | Found a deep blue altar of Sif Muna.
  1371 | D:2      | Noticed Terence
  1380 | D:2      | Killed Terence
  1380 | D:2      | Reached skill level 5 in Fighting
  1963 | D:3      | Reached XP level 5. HP: 48/48 MP: 4/4
  1966 | D:3      | Reached skill level 6 in Axes
  2441 | D:3      | Reached *** piety under Trog
  2464 | D:3      | Reached XP level 6. HP: 38/57 MP: 5/5
  2631 | D:3      | Reached skill level 7 in Axes
  3063 | D:4      | Found a staircase to the Ecumenical Temple.
  3153 | D:4      | Found Bosene Noyd's Weapon Shoppe.
  3303 | D:4      | Noticed Grinder
  3319 | D:4      | Paralysed by Grinder for 2 turns
  3329 | D:4      | Killed Grinder
  3329 | D:4      | Reached skill level 8 in Axes
  3329 | D:4      | Reached XP level 7. HP: 37/64 MP: 6/6
  3473 | D:4      | Found Gypo's Assorted Antiques.
  3756 | D:4      | Noticed Megalobster's ghost (novice MiBe)
  3764 | D:4      | Killed Megalobster's ghost
  3764 | D:4      | Reached skill level 9 in Axes
  3798 | D:4      | Reached **** piety under Trog
  3798 | D:4      | Reached XP level 8. HP: 56/73 MP: 7/7
  4127 | D:4      | Found Willin Suuh's Book Shoppe.
  4427 | D:5      | Entered Level 5 of the Dungeon
  4430 | D:5      | Noticed an angel
  4432 | D:5      | Found a glowing silver altar of Zin.
  4433 | D:5      | Found a shimmering altar of Xom.
  4443 | D:5      | Reached skill level 5 in Armour
  5077 | D:5      | Found a snail-covered altar of Cheibriados.
  5240 | D:6      | Reached skill level 10 in Axes
  5320 | D:6      | Reached ***** piety under Trog
  6027 | D:7      | Noticed a hippogriff
  6037 | D:7      | Killed a hippogriff
  6037 | D:7      | Reached XP level 9. HP: 37/82 MP: 8/8
  6085 | D:7      | Noticed Prince Ribbit
  6138 | D:7      | Reached skill level 11 in Axes
  6573 | D:7      | Found an opulent altar of Gozag.
  7180 | D:7      | Killed Prince Ribbit
  7581 | D:8      | Noticed Joseph
  7591 | D:8      | Reached skill level 12 in Axes
  7594 | D:8      | Killed Joseph
  7695 | D:8      | Found Taynuiq's Armour Boutique.
  7706 | D:8      | Found Axoqase's Antique Weapon Emporium.
  7712 | D:8      | Noticed Pikel
  7726 | D:8      | Killed Pikel
  7726 | D:8      | Reached XP level 10. HP: 91/92 MP: 5/9
  7735 | D:8      | Bought a glowing war axe for 190 gold pieces
  7840 | D:8      | Found an opulent altar of Gozag.
  7962 | D:8      | Reached skill level 13 in Axes
  7970 | D:8      | Found Wighab's General Store.
  8003 | D:8      | Bought a potion of agility for 64 gold pieces
  8003 | D:8      | Bought a scroll of identify for 32 gold pieces
  8003 | D:8      | Bought a scroll of teleportation for 48 gold pieces
  8202 | D:8      | Reached skill level 10 in Fighting
  8255 | D:8      | Noticed Psyche
  8262 | D:8      | Killed Psyche
  8342 | D:8      | Found a blossoming altar of Fedhas.
  8345 | D:8      | Found a sparkling altar of Nemelex Xobeh.
  8404 | D:8      | Found a bloodstained altar of Trog.
  8405 | D:8      | Found a sacrificial altar of Ru.
  8405 | D:8      | Found Naut's Food Shop.
  8462 | D:8      | Found Gupnexteqi's Assorted Antiques.
  8527 | D:8      | Upgraded the game from 0.19.3-1-g3169bf9 to 0.19.3-4-gbf9329e
  8885 | D:9      | Found a staircase to the Lair.
  9150 | D:9      | Reached skill level 1 in Shields
  9492 | D:10     | Entered Level 10 of the Dungeon
  9534 | D:10     | Noticed Atlantean's ghost (novice MiFi)
  9555 | D:10     | Killed Atlantean's ghost
  9555 | D:10     | Reached skill level 1 in Slings
  9764 | D:10     | Found Latakun's Distillery.
 10107 | D:10     | Noticed a gargoyle
 10116 | D:10     | Killed a gargoyle
 10116 | D:10     | Received a gift from Trog
 10314 | D:10     | Reached XP level 11. HP: 102/102 MP: 10/10
 10317 | D:10     | Found a staircase to the Orcish Mines.
 10437 | D:10     | Noticed a hill giant
 10443 | D:10     | Killed a hill giant
 10443 | D:10     | Reached skill level 14 in Axes
 10723 | D:10     | Noticed Grum
 10732 | D:10     | Killed Grum
 11025 | D:4      | Bought a scroll labeled NIR USMACLEVITT for 24 gold pieces
 11025 | D:4      | Bought a sedimented brown potion for 21 gold pieces
 11266 | Lair:1   | Entered Level 1 of the Lair of Beasts
 12026 | Lair:1   | Reached skill level 1 in Evocations
 12731 | Lair:2   | Received a gift from Trog
 13218 | Lair:2   | Reached skill level 5 in Shields
 13325 | Lair:2   | Noticed a death yak
 13328 | Lair:2   | Noticed a death yak
 13333 | Lair:2   | Killed a death yak
 13334 | Lair:2   | Killed a death yak
 13339 | Lair:2   | Reached XP level 12. HP: 113/113 MP: 10/12
 13422 | Lair:2   | Noticed a seven-headed hydra
 13433 | Lair:2   | HP: 6/169 [seven-headed hydra (5)]
 13433 | Lair:2   | Mangled by a seven-headed hydra

Skill      XL: |  1  2  3  4  5  6  7  8  9 10 11 |
---------------+----------------------------------+-----
Axes           | 4 5 6 8 9 10 12 13 14 | 14.9
Fighting       | 4 5 6 7 8 9 11 12 | 12.7
Armour         | 3 4 6 7 9 |  9.9
Shields        | 3 5 |  5.3
Slings         | 2 4 |  4.5
Evocations     | 2 |  2.6
Dodging        | |  2.1

Action                   |  1- 3 |  4- 6 |  7- 9 | 10-12 || total
-------------------------+-------+-------+-------+-------++-------
Melee: Hand axe          |    67 |   106 |    91 |       ||   264
       Headbutt          |    12 |    27 |    57 |    79 ||   175
       War axe           |       |    62 |    81 |   333 ||   476
       Short sword       |       |       |    78 |       ||    78
       Trident           |       |       |       |     4 ||     4
 Fire: Hunting sling     |       |       |       |     5 ||     5
Throw: Stone             |       |     2 |       |       ||     2
       Tomahawk          |       |       |     2 |       ||     2
Invok: Berserk           |       |     4 |     5 |    11 ||    20
       Brothers in Arms  |       |       |     3 |     4 ||     7
       Trog's Hand       |       |       |     3 |     3 ||     6
       Burn Spellbooks   |       |       |       |     2 ||     2
Evoke: Wand              |       |       |       |     4 ||     4
       Sack of spiders   |       |       |       |     1 ||     1
  Use: Potion            |       |     1 |     1 |     4 ||     6
       Scroll            |       |       |    14 |     6 ||    20
 Stab: Sleeping          |     1 |       |       |       ||     1
       Invisible         |       |       |       |     2 ||     2
       Distracted        |       |       |       |     2 ||     2
  Eat: Chunk             |     1 |    10 |     9 |    15 ||    35
       Beef jerky        |       |       |     2 |     1 ||     3
       Bread ration      |       |       |     2 |     2 ||     4
       Meat ration       |       |       |       |     1 ||     1
Armor: Animal skin       |     5 |     6 |       |       ||    11
       Scale mail        |       |    14 |       |       ||    14
       Plate armour      |       |    58 |    31 |       ||    89
       Chain mail        |       |       |    89 |    93 ||   182
       Leather armour    |       |       |       |    28 ||    28
Dodge: Dodged            |    33 |    76 |   125 |   123 ||   357
Block: Buckler           |       |       |       |    43 ||    43
